[Event "Titled Tuesday Blitz May 30 Late 2023"]
[White "micke12a"]
[Black "Bashkansky, Ethan"]
[BlackFideId "2071533"]
[WhiteElo "2397"]
[BlackElo "2321"]
[Result "1-0"]
[Round "10"]
[TimeControl "180+2"]
[Date "2023.05.31"]
[WhiteClock "0:01:30"]
[BlackClock "0:00:01"]

1. e4 c6 2. d4 d5 3. e5 c5 4. dxc5 Nc6 5. Nf3 Bg4 6. Bb5 e6 7. b4 Ne7 8. Bb2 b6 9. Bxc6+ Nxc6 10. b5 Na5 11. c6 Nc4 12. Bd4 Bxf3 13. Qxf3 Qg5 14. O-O Nxe5 15. Qc3 Nc4 16. f4 Qg4 17. Nd2 Nxd2 18. Qxd2 Bd6 19. h3 Qg3 20. Rf3 Qh4 21. Bxg7 Rg8 22. Be5 Qh5 23. Qe2 Bc5+ 24. Kh1 f5 25. c4 dxc4 26. Qxc4 Kf7 27. Rd1 Qg6 28. Qe2 Rad8 29. Rfd3 Rxd3 30. Rxd3 Qg3 31. Rxg3 Rxg3 32. Qh5+ 1-0


[Site "https://www.chess.com"]

[Event "Titled Tuesday Blitz May 30 Late 2023"]
[White "Florianovitz, Derlei Alex"]
[Black "Campos, Maria Jose"]
[WhiteFideId "2114178"]
[BlackFideId "146803"]
[WhiteElo "1953"]
[BlackElo "2170"]
[Result "1-0"]
[Round "10"]
[TimeControl "180+2"]
[Date "2023.05.31"]
[WhiteClock "0:00:09"]
[BlackClock "0:00:57"]

1. e4 e5 2. Nf3 Nc6 3. Bb5 a6 4. Ba4 d6 5. O-O Bd7 6. c3 Nf6 7. Re1 Be7 8. h3 O-O 9. d4 b5 10. Bb3 Re8 11. Nbd2 Bf8 12. Nf1 Na5 13. Bc2 c5 14. Ng3 Nc4 15. b3 Nb6 16. Be3 g6 17. Qd2 Qc7 18. Rac1 c4 19. Bh6 Bc8 20. Bxf8 Rxf8 21. Qh6 Bb7 22. d5 Nbd7 23. Ng5 Kh8 24. Re3 Qd8 25. Rf3 Qe7 26. bxc4 bxc4 27. Ba4 Rg8 28. Bxd7 Rg7 29. Ba4 Ng8 30. Qh4 h6 31. Rb1 Ra7 32. Bc6 Bc8 33. Rb8 Rc7 34. Nxf7+ Rxf7 35. Qxe7 Rfxe7 36. Rf8 Be6 37. dxe6 Rg7 38. Bd5 Kh7 39. e7 Nxe7 40. Rfd8 Nxd5 41. exd5 Rge7 42. Rxd6 e4 43. Re6 Red7 44. d6 Ra7 45. Rbe8 Kg7 46. R8e7+ Kf8 47. Rxd7 Rxd7 48. Nxe4 Kf7 49. Rf6+ Kg7 50. Re6 Kf7 51. Re7+ Rxe7 52. dxe7 Kxe7 53. Kf1 Ke6 54. Ke2 Kd5 55. Ke3 a5 56. a4 g5 57. g4 Ke5 58. f3 Kd5 59. Nf6+ Ke5 60. Ng8 Kd5 61. Nxh6 1-0


[Site "https://www.chess.com"]

[Event "Titled Tuesday Blitz May 30 Late 2023"]
[White "Torres Dominguez, David"]
[Black "Padalka, Artem"]
[WhiteFideId "2220857"]
[BlackFideId "14118637"]
[WhiteElo "1999"]
[BlackElo "2073"]
[Result "0-1"]
[Round "10"]
[TimeControl "180+2"]
[Date "2023.05.31"]
[WhiteClock "0:00:28"]
[BlackClock "0:00:08"]

1. e4 c5 2. Nc3 Nc6 3. Bb5 Nd4 4. Bc4 g6 5. Nf3 Bg7 6. Nxd4 cxd4 7. Qf3 e6 8. Nb5 d6 9. Qa3 Be5 10. c3 d3 11. Bxd3 a6 12. Bc2 Rb8 13. Nd4 Ne7 14. Nf3 Bg7 15. d4 b5 16. Bf4 Rb6 17. O-O O-O 18. Rad1 Bb7 19. Rfe1 h6 20. Be3 d5 21. exd5 Nxd5 22. Bd2 Rc6 23. Ne5 Rc8 24. Bd3 Rc7 25. Rc1 Qa8 26. b3 Rfc8 27. c4 Bf8 28. Qb2 Nb4 29. Bxb4 Bxb4 30. Red1 Bxg2 31. cxb5 Bh1 32. f4 axb5 33. Rxc7 Rxc7 34. d5 Qxd5 35. Be2 Bc5+ 36. Kf1 Qg2+ 37. Ke1 Bb4+ 38. Rd2 Qg1+ 39. Bf1 Qe3+ 40. Kd1 Bxd2 41. Qxd2 Qxd2+ 42. Kxd2 Ra7 43. Bxb5 Rxa2+ 44. Ke3 Rxh2 45. Ng4 Rb2 46. Bc4 h5 47. Nf2 Bd5 48. Nd3 Rb1 49. Bxd5 exd5 50. b4 Rb3 51. Kd4 h4 52. Kc5 Rxd3 53. b5 Rb3 54. Kxd5 Rxb5+ 55. Kc4 h3 56. Kxb5 h2 57. f5 h1=Q 58. f6 Qd5+ 59. Kb6 Qe6+ 60. Kc7 Qxf6 0-1


[Site "https://www.chess.com"]

[Event "Titled Tuesday Blitz May 30 Late 2023"]
[White "Kovacevic, Radmila"]
[Black "LangesNasenhaar"]
[WhiteFideId "933171"]
[WhiteElo "2194"]
[BlackElo "2429"]
[Result "1-0"]
[Round "10"]
[TimeControl "180+2"]
[Date "2023.05.31"]
[WhiteClock "0:00:31"]
[BlackClock "0:01:40"]

1. e4 Nf6 2. Nf3 Nxe4 3. Nc3 Nxc3 4. dxc3 d6 5. Bd3 e5 6. h3 Be7 7. Be3 O-O 8. Qd2 f5 9. Bc4+ Kh8 10. Bg5 c6 11. h4 d5 12. Bb3 e4 13. Ne5 Qd6 14. f4 exf3 15. Nxf3 h6 16. Bf4 Qe6+ 17. Kf1 Bd6 18. Re1 Qf6 19. Bg5 Qg6 20. h5 Qh7 21. Be7 Bxe7 22. Rxe7 Nd7 23. Nh4 Nc5 24. Ng6+ Kg8 25. Qe3 Ne4 26. Qd4 b6 27. Bxd5+ 1-0


[Site "https://www.chess.com"]

[Event "Titled Tuesday Blitz May 30 Late 2023"]
[White "Wang, Alexander J"]
[Black "Buchenau, Frank"]
[WhiteFideId "30955270"]
[BlackFideId "4604350"]
[WhiteElo "2257"]
[BlackElo "2157"]
[Result "0-1"]
[Round "10"]
[TimeControl "180+2"]
[Date "2023.05.31"]
[WhiteClock "0:00:15"]
[BlackClock "0:01:16"]

1. e4 e6 2. d4 d5 3. e5 c5 4. c3 Qb6 5. Nf3 Bd7 6. Be2 cxd4 7. cxd4 Bb5 8. Bxb5+ Qxb5 9. Nc3 Qa6 10. Qe2 Qxe2+ 11. Kxe2 Nc6 12. Be3 f6 13. exf6 gxf6 14. a3 Nge7 15. b4 Rg8 16. g3 Nf5 17. Na4 b5 18. Nc5 Bxc5 19. bxc5 e5 20. Rhd1 e4 21. Ne1 Kd7 22. Nc2 a5 23. Rab1 Rab8 24. Rb2 b4 25. axb4 Rb5 26. Na3 Rxb4 27. Rxb4 axb4 28. Nc2 b3 29. Na3 Ra8 30. Nb5 Ra2+ 31. Kf1 b2 32. Nc3 Ra1 33. Nb1 Ncxd4 34. Bxd4 Nxd4 35. Rxd4 Rxb1+ 36. Ke2 Re1+ 37. Kxe1 b1=Q+ 0-1


[Site "https://www.chess.com"]

[Event "Titled Tuesday Blitz May 30 Late 2023"]
[White "Schut, Han"]
[Black "Sadilek, Peter"]
[WhiteFideId "1005561"]
[BlackFideId "1616439"]
[WhiteElo "2024"]
[BlackElo "2227"]
[Result "0-1"]
[Round "10"]
[TimeControl "180+2"]
[Date "2023.05.31"]
[WhiteClock "0:00:29"]
[BlackClock "0:00:53"]

1. e4 d5 2. exd5 Nf6 3. Bb5+ Nbd7 4. d4 a6 5. Bxd7+ Qxd7 6. c4 b5 7. b3 bxc4 8. bxc4 c6 9. dxc6 Qxc6 10. Qf3 Qxc4 11. Qxa8 Qxc1+ 12. Ke2 Qc4+ 13. Ke1 e5 14. dxe5 Bb4+ 15. Nd2 Bxd2+ 16. Kxd2 Qd4+ 17. Kc2 O-O 18. Qf3 Bg4 19. exf6 Rc8+ 20. Kb3 Be6+ 21. Ka3 Qc5+ 22. Kb2 Qb4+ 23. Qb3 Bxb3 24. axb3 Qc3+ 25. Ka2 Rc5 0-1


[Site "https://www.chess.com"]

[Event "Titled Tuesday Blitz May 30 Late 2023"]
[White "Martinez, Ayelen"]
[Black "Przybylski, Wojciech"]
[WhiteFideId "118702"]
[BlackFideId "1117599"]
[WhiteElo "2125"]
[BlackElo "2222"]
[Result "0-1"]
[Round "10"]
[TimeControl "180+2"]
[Date "2023.05.31"]
[WhiteClock "0:00:04"]
[BlackClock "0:01:19"]

1. e4 e5 2. Nf3 Nc6 3. Bb5 a6 4. Ba4 Nf6 5. O-O Be7 6. c3 b5 7. Bb3 O-O 8. h3 Nxe4 9. Re1 Nc5 10. Bc2 e4 11. Nh2 d5 12. a4 b4 13. d4 Ne6 14. Nd2 bxc3 15. bxc3 Na5 16. Ndf1 f5 17. Ng3 f4 18. Nxe4 dxe4 19. Bxe4 Rb8 20. Qh5 Ng5 21. Bd3 Rb6 22. Ng4 Bxg4 23. Qxg4 h5 24. Qxh5 Rh6 25. Qg4 Rh4 26. Qd1 Bd6 27. Qd2 Rxh3 28. Ba3 f3 29. Bxd6 Qxd6 0-1


[Site "https://www.chess.com"]

[Event "Titled Tuesday Blitz May 30 Late 2023"]
[White "Mendez Machado, Andre"]
[Black "Talbi, Chafik"]
[WhiteFideId "6603793"]
[BlackFideId "7903715"]
[WhiteElo "1984"]
[BlackElo "2186"]
[Result "1-0"]
[Round "10"]
[TimeControl "180+2"]
[Date "2023.05.31"]
[WhiteClock "0:00:42"]
[BlackClock "0:01:32"]

1. e4 c6 2. d4 d5 3. f3 dxe4 4. fxe4 e5 5. Nf3 Bg4 6. c3 Nf6 7. Bc4 exd4 8. Qb3 Qc7 9. Ng5 Bh5 10. O-O Bc5 11. e5 dxc3+ 12. Kh1 Nd5 13. Nxc3 O-O 14. Bxd5 cxd5 15. Nxd5 Qxe5 16. Bf4 Qd4 17. Be3 Qe5 18. Bxc5 Na6 19. Bxf8 Rxf8 20. Nf3 Bxf3 21. Qxf3 Nc5 22. Rae1 Qxb2 23. Qxf7+ Rxf7 24. Re8+ Rf8 25. Rexf8# 1-0


[Site "https://www.chess.com"]

[Event "Titled Tuesday Blitz May 30 Late 2023"]
[White "Prydun, Andriy"]
[Black "Sailer, Mike"]
[WhiteFideId "14145898"]
[BlackFideId "2012901"]
[WhiteElo "2164"]
[BlackElo "2109"]
[Result "0-1"]
[Round "10"]
[TimeControl "180+2"]
[Date "2023.05.31"]
[WhiteClock "0:00:30"]
[BlackClock "0:00:20"]

1. e4 d5 2. exd5 Qxd5 3. Nc3 Qd6 4. d4 Nf6 5. Nf3 c6 6. Ne5 Nbd7 7. Nc4 Qc7 8. Qf3 Nb6 9. Ne5 Nbd5 10. Ne2 h5 11. h3 Bg4 12. Qb3 Bxe2 13. Bxe2 e6 14. c4 Nb6 15. Be3 Be7 16. Rd1 Nbd7 17. f4 Nxe5 18. fxe5 Ne4 19. Bf4 g5 20. Bh2 Qa5+ 21. Kf1 Nd2+ 22. Rxd2 Qxd2 23. Qc3 Qxc3 24. bxc3 O-O-O 25. c5 f6 26. exf6 Bxf6 27. g4 h4 28. Kg2 e5 29. Rf1 Rhf8 30. Bd3 b6 31. Ba6+ Kd7 32. dxe5 Be7 33. e6+ Kxe6 34. Bc4+ Kd7 35. Rd1+ Ke8 36. Rxd8+ Kxd8 37. Bb8 Bxc5 38. Bxa7 Kc8 39. a4 Kb7 40. a5 Kxa7 41. axb6+ Kxb6 42. Bd3 Rf2+ 43. Kh1 Rf3 0-1


[Site "https://www.chess.com"]

[Event "Titled Tuesday Blitz May 30 Late 2023"]
[White "mohsengabr2002"]
[Black "Gerbelli Neto, Eduardo"]
[BlackFideId "2103281"]
[WhiteElo "2225"]
[BlackElo "2178"]
[Result "1-0"]
[Round "10"]
[TimeControl "180+2"]
[Date "2023.05.31"]
[WhiteClock "0:02:34"]
[BlackClock "0:02:08"]

1. e4 e5 2. Nf3 Nc6 3. Nc3 Nf6 4. g3 d5 5. exd5 Nxd5 6. Bg2 Be6 7. O-O Nxc3 8. bxc3 Bd6 9. d3 O-O 10. h3 h6 11. Re1 f5 12. a4 Qf6 13. Bb2 Rad8 14. c4 Nd4 15. Nxd4 exd4 16. Rxe6 1-0


[Site "https://www.chess.com"]

[Event "Titled Tuesday Blitz May 30 Late 2023"]
[White "Rose, Felix"]
[Black "Brown, Raehanna"]
[WhiteFideId "5105722"]
[BlackFideId "7402740"]
[WhiteElo "2039"]
[BlackElo "1655"]
[Result "0-1"]
[Round "10"]
[TimeControl "180+2"]
[Date "2023.05.31"]
[WhiteClock "0:00:01"]
[BlackClock "0:00:13"]

1. e4 c5 2. Nf3 Nc6 3. d4 cxd4 4. Nxd4 Nf6 5. Nc3 g6 6. Nxc6 dxc6 7. Qxd8+ Kxd8 8. Bc4 Ke8 9. a4 e5 10. Bg5 Be7 11. O-O Kf8 12. Bh6+ Ke8 13. f3 Bc5+ 14. Kh1 Ke7 15. a5 Be6 16. Be2 Rhd8 17. Bg5 b6 18. f4 Bd4 19. f5 gxf5 20. exf5 Bd5 21. Nxd5+ cxd5 22. c3 Bc5 23. g4 Rg8 24. Bh4 bxa5 25. g5 Ne4 26. f6+ Kd6 27. Rxa5 Nxg5 28. Rd1 d4 29. b4 Bb6 30. Ra6 Ke6 31. c4 Kxf6 32. c5 Kf5 33. Bxg5 Kxg5 34. cxb6 axb6 35. Rg1+ Kf5 36. Rxa8 Rxa8 37. Bg4+ Kf6 38. Rf1+ Ke7 0-1


[Site "https://www.chess.com"]

[Event "Titled Tuesday Blitz May 30 Late 2023"]
[White "zano2023"]
[Black "Stachanczyk, Jacek"]
[BlackFideId "1116657"]
[WhiteElo "2194"]
[BlackElo "2084"]
[Result "0-1"]
[Round "10"]
[TimeControl "180+2"]
[Date "2023.05.31"]
[WhiteClock "0:01:24"]
[BlackClock "0:01:47"]

1. d4 Nf6 2. Nd2 d5 3. Ngf3 c5 4. e3 Nc6 5. c3 cxd4 6. exd4 Bg4 7. Qa4 Bd7 8. Qd1 Bg4 9. Qa4 Bxf3 10. Nxf3 a6 11. Ne5 Rc8 12. Nxc6 Rxc6 13. Bxa6 e6 14. Bb5 Qc7 15. h3 Be7 16. Qa8+ Bd8 17. Qa3 Be7 18. Qa8+ Bd8 19. Qa4 O-O 20. Bxc6 bxc6 21. O-O Ne4 22. Re1 Qd6 23. Qa3 Qc7 24. c4 Be7 25. c5 e5 26. dxe5 Bxc5 27. Be3 Bxa3 0-1


[Site "https://www.chess.com"]

[Event "Titled Tuesday Blitz May 30 Late 2023"]
[White "rionelG"]
[Black "lluiss"]
[WhiteElo "2187"]
[BlackElo "2303"]
[Result "1/2-1/2"]
[Round "10"]
[TimeControl "180+2"]
[Date "2023.05.31"]
[WhiteClock "0:00:13"]
[BlackClock "0:00:06"]

1. e4 c5 2. g3 g6 3. Bg2 Bg7 4. Ne2 e5 5. c3 Nc6 6. d3 Nge7 7. Be3 d6 8. d4 cxd4 9. cxd4 Qb6 10. d5 Qxb2 11. Nd2 Nb4 12. O-O Nc2 13. Nc4 Nxe3 14. fxe3 Qb4 15. Qd3 O-O 16. Rab1 Qc5 17. Rfc1 Bh6 18. a4 Bg4 19. Rb5 Bxe2 20. Qxe2 Qc7 21. Rcb1 b6 22. a5 Rac8 23. Bf1 Rb8 24. axb6 axb6 25. Rxb6 Rxb6 26. Rxb6 Nc8 27. Rc6 Qb8 28. Bh3 Rd8 29. Qc2 Na7 30. Rb6 Qc7 31. Qb3 Rc8 32. Bxc8 Nxc8 33. Rc6 Qd7 34. Qb8 Kg7 35. Qxc8 Qa7 36. Kg2 Qa2+ 37. Kh3 Qb1 38. Qd7 Qf1+ 39. Kh4 Qf3 40. Qg4 Qf6+ 41. Kh3 Qf1+ 42. Kh4 Qf6+ 43. Kh3 Qf1+ 44. Kh4 Qf6+ 1/2-1/2


[Site "https://www.chess.com"]

[Event "Titled Tuesday Blitz May 30 Late 2023"]
[White "Rodriguez Santiago, Jaime"]
[Black "Ogreberbere"]
[WhiteFideId "3100898"]
[WhiteElo "2025"]
[BlackElo "2173"]
[Result "1-0"]
[Round "10"]
[TimeControl "180+2"]
[Date "2023.05.31"]
[WhiteClock "0:01:56"]
[BlackClock "0:00:33"]

1. c4 e6 2. Nf3 Nf6 3. g3 d5 4. Bg2 Be7 5. O-O O-O 6. b3 b6 7. Bb2 c5 8. e3 Nc6 9. d3 Bb7 10. Qe2 Qd7 11. Nc3 Rfd8 12. Rad1 Rac8 13. Ne1 d4 14. Ne4 Nxe4 15. Bxe4 dxe3 16. fxe3 Nb4 17. Bxh7+ Kf8 18. Rxf7+ Kxf7 19. Qh5+ Kf8 20. Bxg7+ Kxg7 21. Qg6+ Kf8 22. Qg8# 1-0


[Site "https://www.chess.com"]

[Event "Titled Tuesday Blitz May 30 Late 2023"]
[White "Manu_ChessExcelsior"]
[Black "Vaglio Munoz, Jaime"]
[BlackFideId "6500145"]
[WhiteElo "2072"]
[BlackElo "2199"]
[Result "0-1"]
[Round "10"]
[TimeControl "180+2"]
[Date "2023.05.31"]
[WhiteClock "0:00:06"]
[BlackClock "0:00:40"]

1. e4 c5 2. Nf3 Qa5 3. c3 Nc6 4. Be2 Nf6 5. Qc2 d6 6. O-O g6 7. d4 cxd4 8. Nxd4 Bg7 9. Nd2 O-O 10. Nc4 Qc7 11. h3 Nxd4 12. cxd4 b5 13. Ne3 Qxc2 14. Nxc2 Nxe4 15. Bxb5 Rb8 16. Bd3 d5 17. f3 Nd6 18. Re1 Be6 19. Rb1 Nf5 20. Be3 Rfc8 21. Kf2 Nxe3 22. Kxe3 a5 23. b3 h5 24. Na3 Rb4 25. Nc2 Rb7 26. Red1 Rbc7 27. Na3 Bh6+ 28. f4 h4 29. Nb5 Rd7 30. Rbc1 Rb8 31. Rc7 Rb7 32. Rxd7 Bxd7 33. a4 g5 34. fxg5 Bxg5+ 35. Kf3 f5 36. Rf1 Kg7 37. Ke2 Bxb5 38. axb5 e6 39. Ra1 Bd8 40. Ra4 Bb6 41. Ke3 Kf6 42. b4 axb4 43. Rxb4 Rg7 44. Kf2 Rg3 45. Be2 Rc3 46. Rb1 e5 47. Kf1 exd4 48. Rd1 Ke5 49. Bd3 Rb3 50. Ke2 Ba5 51. Rf1 Rb2+ 52. Kf3 Rd2 53. Bb1 d3 54. Re1+ Kd4 0-1


[Site "https://www.chess.com"]

[Event "Titled Tuesday Blitz May 30 Late 2023"]
[White "Silva Rosas, Natalia"]
[Black "Sarkar, Justin"]
[WhiteFideId "3000575"]
[BlackFideId "2010011"]
[WhiteElo "1651"]
[BlackElo "2168"]
[Result "0-1"]
[Round "10"]
[TimeControl "180+2"]
[Date "2023.05.31"]
[WhiteClock "0:00:14"]
[BlackClock "0:00:43"]

1. e4 c5 2. Nf3 d6 3. g3 Nf6 4. d3 g6 5. Bg2 Bg7 6. O-O O-O 7. c3 Nc6 8. Bg5 h6 9. Bd2 Qb6 10. Qc1 Kh7 11. Na3 Be6 12. h4 d5 13. e5 Ng4 14. Bf4 Ncxe5 15. Nxe5 Nxe5 16. Qc2 Rad8 17. Rad1 Bg4 18. Rd2 Nf3+ 19. Bxf3 Bxf3 20. c4 e5 21. Be3 d4 22. Bg5 hxg5 23. hxg5 Qe6 24. Kh2 Rh8 0-1


[Site "https://www.chess.com"]

[Event "Titled Tuesday Blitz May 30 Late 2023"]
[White "Horokoskii"]
[Black "Alexikov, Alexander"]
[BlackFideId "14103958"]
[WhiteElo "2143"]
[BlackElo "2186"]
[Result "0-1"]
[Round "10"]
[TimeControl "180+2"]
[Date "2023.05.31"]
[WhiteClock "0:00:02"]
[BlackClock "0:00:22"]

1. d4 Nf6 2. c4 e5 3. dxe5 Ng4 4. Bf4 Nc6 5. Nf3 Bb4+ 6. Nbd2 Qe7 7. e3 Ngxe5 8. Nxe5 Nxe5 9. a3 Bxd2+ 10. Qxd2 d6 11. Be2 O-O 12. O-O Re8 13. Rac1 b6 14. Qd5 Be6 15. Qe4 f6 16. b4 c5 17. Rfd1 Rac8 18. Bg3 Bf7 19. h3 cxb4 20. axb4 Nxc4 21. Qxe7 Rxe7 22. Bxc4 Rxc4 23. Rxc4 Bxc4 24. Rxd6 Kf7 25. Rd8 g5 26. Ra8 Rd7 27. Bb8 a6 28. Ra7 Ke6 29. Rxd7 Kxd7 30. f4 h6 31. Kf2 a5 32. bxa5 bxa5 33. g3 a4 34. Ba7 a3 35. Ke1 a2 36. Bd4 f5 37. fxg5 hxg5 38. h4 gxh4 39. gxh4 Ke6 40. h5 Kf7 41. Kd2 Kg8 42. h6 Kh7 43. Bg7 Bf7 44. Kc1 Kg6 45. Kb2 Bg8 46. Ka1 Kg5 47. Bf8 Kg4 48. Bg7 Kf3 49. Bd4 Ke4 50. Bb6 Kd3 51. Bd4 f4 52. Bg7 f3 53. Bf8 f2 0-1


[Site "https://www.chess.com"]

[Event "Titled Tuesday Blitz May 30 Late 2023"]
[White "dodoucb"]
[Black "Kornyukov, Alexey"]
[BlackFideId "4150457"]
[WhiteElo "2299"]
[BlackElo "2352"]
[Result "1-0"]
[Round "10"]
[TimeControl "180+2"]
[Date "2023.05.31"]
[WhiteClock "0:00:06"]
[BlackClock "0:00:03"]

1. e4 c5 2. Nc3 Nc6 3. Bb5 Nd4 4. Bd3 e6 5. Nf3 Nc6 6. Ne2 Nf6 7. c3 d5 8. exd5 exd5 9. O-O Bg4 10. Ng3 Be7 11. h3 Bd7 12. Bf5 O-O 13. d3 Bd6 14. Bg5 Bxg3 15. Bxd7 Qxd7 16. fxg3 Ne8 17. Nh4 f6 18. Bd2 d4 19. c4 Nd6 20. Qf3 Ne5 21. Qd5+ Ndf7 22. Qxd7 Nxd7 23. Nf5 Nde5 24. Ne7+ Kh8 25. Rad1 Nxd3 26. b4 Nb2 27. Rb1 Nxc4 28. Be1 Rfe8 29. Nd5 b6 30. Nc7 Ne3 31. Rf3 c4 32. Nxa8 Rxa8 33. Bf2 1-0


[Site "https://www.chess.com"]

[Event "Titled Tuesday Blitz May 30 Late 2023"]
[White "Maluco_do_Natal_00"]
[Black "Celestino, Rafael Teixeira"]
[BlackFideId "2108925"]
[WhiteElo "2068"]
[BlackElo "2310"]
[Result "0-1"]
[Round "10"]
[TimeControl "180+2"]
[Date "2023.05.31"]
[WhiteClock "0:00:02"]
[BlackClock "0:02:38"]

1. e4 e5 2. Nf3 Nc6 3. Bb5 a6 4. Ba4 b5 5. Bb3 Nf6 6. O-O Bc5 7. c3 d6 8. d4 exd4 9. cxd4 Bb6 10. h3 O-O 11. Re1 Bb7 12. Bg5 h6 13. Bh4 g5 14. Bg3 Re8 15. d5 Ne7 16. Nbd2 Ng6 17. Bc2 Nh5 18. Bh2 Nhf4 19. Bxf4 Nxf4 20. Nf1 Qf6 21. Rb1 Re7 22. Ng3 Rae8 23. Nf5 Rd7 24. N5d4 Rdd8 25. Ne2 Nxh3+ 26. gxh3 Qxf3 27. Nd4 Qxh3 0-1


[Site "https://www.chess.com"]

[Event "Titled Tuesday Blitz May 30 Late 2023"]
[White "dorpato"]
[Black "Da Silva, Alessandro Rodrigues"]
[BlackFideId "2107546"]
[WhiteElo "2047"]
[BlackElo "2181"]
[Result "1-0"]
[Round "10"]
[TimeControl "180+2"]
[Date "2023.05.31"]
[WhiteClock "0:01:01"]
[BlackClock "0:01:22"]

1. e4 c5 2. Nc3 Nc6 3. g3 g6 4. Bg2 Bg7 5. d3 d6 6. Be3 e6 7. Qd2 Nge7 8. Bh6 O-O 9. Bxg7 Kxg7 10. h4 f6 11. h5 g5 12. f4 h6 13. fxg5 fxg5 14. O-O-O Nd4 15. Nge2 Nec6 16. Nxd4 Nxd4 17. Ne2 Nxe2+ 18. Qxe2 Qf6 19. Rhf1 Qe5 20. Rxf8 Kxf8 21. Qf3+ Kg8 22. Rf1 Qg7 23. Bh3 Bd7 24. Qf6 Re8 25. c3 Re7 26. d4 b6 27. d5 exd5 28. Bxd7 Rxd7 29. exd5 Rf7 30. Qd8+ Rf8 31. Rxf8+ Qxf8 32. Qxf8+ Kxf8 33. Kd2 Ke7 34. Ke3 Kf6 35. Ke4 a6 36. a4 b5 37. axb5 axb5 38. b3 Ke7 39. Kf5 Kf7 40. g4 b4 41. c4 Ke7 42. Kg6 1-0


[Site "https://www.chess.com"]

[Event "Titled Tuesday Blitz May 30 Late 2023"]
[White "Burke, Paul"]
[Black "deloewre"]
[WhiteFideId "2605767"]
[WhiteElo "1918"]
[BlackElo "2105"]
[Result "0-1"]
[Round "10"]
[TimeControl "180+2"]
[Date "2023.05.31"]
[WhiteClock "0:02:22"]
[BlackClock "0:00:39"]

1. e4 c5 2. Nf3 e6 3. d4 cxd4 4. c3 dxc3 5. Nxc3 Nc6 6. Bf4 a6 7. Bd3 d6 8. Qe2 Nf6 9. Rd1 Bd7 10. Bb1 Qb8 11. e5 dxe5 12. Nxe5 Qd8 13. Nxd7 Nxd7 14. Qd3 Nc5 15. Qg3 Qb6 16. O-O h5 17. Bd6 h4 18. Qe3 Bxd6 19. Rxd6 O-O 20. Ne4 Na4 0-1


[Site "https://www.chess.com"]

[Event "Titled Tuesday Blitz May 30 Late 2023"]
[White "Howell, David W L"]
[Black "Sanchez, Robert"]
[WhiteFideId "410608"]
[BlackFideId "2034360"]
[WhiteElo "2567"]
[BlackElo "1803"]
[Result "1-0"]
[Round "10"]
[TimeControl "180+2"]
[Date "2023.05.31"]
[WhiteClock "0:02:11"]
[BlackClock "0:02:07"]

1. e4 d5 2. d4 e6 3. e5 b6 4. c3 Qd7 5. Nd2 Ba6 6. Bxa6 Nxa6 7. Ne2 c5 8. O-O Nh6 9. Nf3 Nf5 10. g4 Nh6 11. h3 Nc7 12. Nf4 Be7 13. Nh5 Kf8 14. Bxh6 gxh6 15. Qd2 1-0


[Site "https://www.chess.com"]

[Event "Titled Tuesday Blitz May 30 Late 2023"]
[White "Ricaurte Lopez, Juan Carlos"]
[Black "Escalante Ramirez, Rafael"]
[WhiteFideId "3600327"]
[BlackFideId "3900177"]
[WhiteElo "2200"]
[BlackElo "2200"]
[Result "1-0"]
[Round "10"]
[TimeControl "180+2"]
[Date "2023.05.31"]
[WhiteClock "0:01:14"]
[BlackClock "0:00:01"]

1. e4 c5 2. d4 cxd4 3. c3 d3 4. Bxd3 d6 5. f4 Nc6 6. Nf3 Bg4 7. O-O e6 8. Kh1 Nf6 9. Qe2 Be7 10. a4 Qc7 11. Na3 a6 12. Be3 O-O 13. Nc4 Nd7 14. b4 Bf6 15. Rac1 d5 16. exd5 exd5 17. Ncd2 Rae8 18. Qf2 g6 19. Nd4 Bg7 20. h3 Be6 21. N2f3 Nxd4 22. Nxd4 f5 23. Nxe6 Rxe6 24. Bd4 Nf6 25. c4 Qd7 26. cxd5 Nxd5 27. Bc4 Re4 28. Bxg7 Kxg7 29. Qb2+ Nf6 30. Rfd1 Qe7 31. Bd5 Re2 32. Qc3 Kh6 33. Bf3 1-0


[Site "https://www.chess.com"]

[Event "Titled Tuesday Blitz May 30 Late 2023"]
[White "Holt, Conrad"]
[Black "Henriquez Villagra, Cristobal"]
[WhiteFideId "2034387"]
[BlackFideId "3409350"]
[WhiteElo "2592"]
[BlackElo "2542"]
[Result "1-0"]
[Round "11"]
[TimeControl "180+2"]
[Date "2023.05.31"]
[WhiteClock "0:00:12"]
[BlackClock "0:00:04"]

1. d4 Nf6 2. c4 g6 3. Nc3 Bg7 4. e4 d6 5. Nf3 O-O 6. h3 c6 7. Bg5 a6 8. Bd3 b5 9. O-O bxc4 10. Bxc4 h6 11. Bf4 d5 12. Bd3 dxe4 13. Nxe4 Nd5 14. Be5 Nf6 15. Rc1 Nbd7 16. Nxf6+ exf6 17. Bd6 Re8 18. Qb3 Qb6 19. Qxb6 Nxb6 20. Rxc6 Nd5 21. Bc4 Be6 22. Rxa6 Rac8 23. Bb3 Red8 24. Rd1 g5 25. Ne1 f5 26. Nf3 Bf8 27. Bxf8 Kxf8 28. Ne5 Nb4 29. Bxe6 Nxa6 30. Bxc8 Rxc8 31. Nd3 Rd8 32. Nc1 Nb4 33. Kf1 Ke7 34. a3 Nd5 35. Nd3 Kd6 36. Ne5 Rb8 37. Rc1 f6 38. Rc6+ Ke7 39. Nc4 Rb3 40. Rc5 Nf4 41. g3 Ne6 42. Rxf5 Nxd4 43. Rd5 Ne6 44. Rd2 h5 45. Ne3 Kf7 46. Nf5 Kg6 47. Ne7+ Kf7 48. Nd5 g4 49. hxg4 hxg4 50. Ne3 Ng5 51. Nxg4 Ne4 52. Rc2 Ke6 53. Ke2 Nd6 54. Ne3 Nb5 55. Rd2 Nd6 56. f3 f5 57. Kf2 Rb8 58. Re2 Kf7 59. b4 Ra8 60. Ra2 Nb5 61. a4 Nc3 62. Ra3 Nxa4 63. Nxf5 Ke6 64. g4 Kd5 65. Kg3 Kc4 66. Ra1 Kxb4 67. g5 Rf8 68. Kg4 Nc5 69. g6 Ne6 70. Ra6 Rf6 71. Nh4 Rf4+ 72. Kg3 Rf6 73. Rc6 Kb5 74. Rc8 Ng7 75. Rg8 Ne6 76. Kg4 Kc6 77. Ng2 Kd6 78. f4 Ke7 79. f5 Nd4 80. Nh4 Nc6 81. Rg7+ Kf8 82. Rb7 Rd6 83. Kg5 Ne7 84. g7+ Kf7 85. Rxe7+ Kxe7 86. g8=Q Rc6 87. Ng6+ Kd7 88. Ne5+ 1-0


[Site "https://www.chess.com"]

[Event "Titled Tuesday Blitz May 30 Late 2023"]
[White "Duda, Jan-Krzysztof"]
[Black "Hansen, Eric"]
[WhiteFideId "1170546"]
[BlackFideId "2606771"]
[WhiteElo "2790"]
[BlackElo "2561"]
[Result "0-1"]
[Round "11"]
[TimeControl "180+2"]
[Date "2023.05.31"]
[WhiteClock "0:00:01"]
[BlackClock "0:00:05"]

1. e4 e5 2. Nf3 Nc6 3. Bb5 a6 4. Ba4 Nf6 5. O-O Be7 6. Re1 b5 7. Bb3 O-O 8. a4 Bb7 9. d3 d6 10. c3 Qd7 11. Bg5 h6 12. Bh4 Nh5 13. Bg3 Nxg3 14. hxg3 Na5 15. Bc2 c5 16. Nbd2 Bf6 17. Nf1 c4 18. Ne3 g6 19. Nd2 Rfc8 20. dxc4 bxc4 21. Qe2 Qe6 22. Red1 Rab8 23. Rab1 Ba8 24. Nd5 Bd8 25. Nb4 Bb7 26. Nf1 Nc6 27. Nd5 Ne7 28. Nfe3 Kg7 29. Rd2 Rc5 30. b4 cxb3 31. Rxb3 Qc8 32. c4 Nc6 33. Qd1 Ba8 34. Rxb8 Qxb8 35. Kh2 h5 36. g4 h4 37. Kh3 Bg5 38. Bd3 Nd4 39. Bf1 Bxd5 40. cxd5 a5 41. Kh2 Qc7 42. Bb5 Rc1 43. Rxd4 Rxd1 44. Rxd1 Qc3 45. Rd3 Qe1 46. Ba6 Qxf2 0-1


[Site "https://www.chess.com"]